 Dungeon Crawl Stone Soup version 0.32-a0-872-g59262bdc9b (webtiles) character file.

Game seed: 2902146405618582685

115 Aldia the Chopper (level 4, 0/32 (38) HPs)
             Began as a Mountain Dwarf Reaver on Mar 30, 2024.
             Killed by divine providence
             ... invoked by an orc priest
              (15 damage)
             ... on level 3 of the Dungeon.
             The game lasted 00:06:57 (2671 turns).

Aldia the Chopper (Mountain Dwarf Reaver)           Turns: 2671, Time: 00:06:57

HP:   0/32 (38)     AC:  9    Str: 16    XL:     4   Next: 68%
MP:   5/6           EV:  6    Int: 14    God:
Gold: 145           SH:  0    Dex:  8    Spells: 5/6 levels left

rFire   + . .        a - +1 hand axe
rCold   . . .        (no shield)
rNeg    . . .        o - +0 chain mail
rPois   .            q - +1 hat
rElec   .            (no cloak)
rCorr   +            (no gloves)
SInv    .            (no boots)
Will    .....        (no amulet) Stlth
                     d - ring of protection from fire
HPRegen 0.25/turn    f - ring of resist corrosion
MPRegen 0.10/turn

%: no passive effects
@: heavily drained
A: runic magic, artefact enchanting
a: Convert to Beogh


You were on level 3 of the Dungeon.
You visited 1 branch of the dungeon, and saw 3 of its levels.

You collected 145 gold pieces.

Inventory:

Hand Weapons
 a - a +1 hand axe (weapon)
Armour
 b - a +0 leather armour
 h - a +0 ring mail
 o - a +0 chain mail (worn)
 q - a +1 hat (worn)
Magical Staves
 k - a staff of earth
Jewellery
 d - a ring of protection from fire (left hand)
 f - a ring of resist corrosion (right hand)
 r - an amulet of faith
Scrolls
 c - a scroll of enchant weapon
 e - a scroll of amnesia {unknown}
 i - a scroll of blinking {unknown}
 j - a scroll of poison {unknown}
 p - a scroll of silence {unknown}
 t - a scroll of fear
Potions
 g - a potion of enlightenment
 l - a potion of haste
 m - a potion of degeneration {unknown}
 n - 2 potions of curing {unknown}
 s - a potion of heal wounds {unknown}


   Skills:
 + Level 3.4 Fighting
 * Level 4.8 Axes
 * Level 1.9 Armour
 - Level 1.3 Dodging
 - Level 1.7 Spellcasting
 - Level 3.0 Conjurations
 - Level 1.3 Necromancy


You had 5 spell levels left.
You knew the following spells:

 Your Spells              Type           Power      Damage    Failure   Level
a - Kiss of Death         Conj/Necr      28%        2d7       19%         1

Your spell library contained the following spells:

 Spells                   Type           Power      Damage    Failure   Level
 Magic Dart               Conj           36%        1d4       13%         1
 Momentum Strike          Conj/Tloc      10%        3d8       36%         2
 Blink                    Tloc           2%         N/A       56%         2
 Call Imp                 Summ           2%         N/A       56%         2
 Ensorcelled Hibernation  Hex/Ice        2%         N/A       56%         2
 Hailstorm                Conj/Ice       5%         3d5       58%         3
 Passwall                 Erth           1%         N/A       80%         3
 Swiftness                Air            1%         N/A       80%         3


Dungeon Overview and Level Annotations

Branches:
Dungeon (3/15)

Altars:
Uskayaw

Shops:
D:1 (


Innate Abilities, Weirdness & Mutations

Your spellcasting is much less encumbered by armour.
You can use scrolls of enchantment on lesser artefacts.


Message History

You barely miss the orc priest.
The orc priest mumbles some strange prayers to Beogh against you.
Beogh smites you!
The orc priest shouts, "Beogh offers mercy even to people such as you.
Join us and be reborn!" (press Y on the ability menu to convert to Beogh)
You completely miss the orc priest.
The orc priest miscasts a cantrip.
You hit the orc priest but do no damage.
The orc priest casts a cantrip, but nothing happens.
You hit the orc priest.
The orc priest is moderately wounded.
The orc priest invokes the aid of Beogh against you.
Beogh smites you!
You barely miss the orc priest.
The orc priest shouts, "Beogh offers mercy even to people such as you.
Join us and be reborn!"
The orc priest is moderately wounded.
The orc priest begins to cast a cantrip, but forgets the words!
You hit the orc priest but do no damage.
The orc priest is moderately wounded.
The orc priest hits you but does no damage.
Unknown command.
Casting: Kiss of Death (safe; 19% risk of failure)
Confirm with . or Enter, or press ? or * to list all spells.
Aiming: Kiss of Death (safe; 19% risk of failure)
Press: ? - help, Shift-Dir - straight line, f - orc priest
Aim: an orc priest, wielding a +0 club and wearing a +0 leather armour (moderately wounded, 100% to hit)
The fragment of death hits the orc priest!
The orc priest is drained!
The orc priest is almost dead.
You feel drained. The orc priest hits you with a +0 club.
Unknown command.
Unknown command.
You closely miss the orc priest.
The orc priest is almost dead.
The orc priest casts a cantrip, but nothing happens.
You barely miss the orc priest.
The orc priest is almost dead.
The orc priest mumbles some strange prayers to Beogh against you.
Beogh smites you!
You die...

#........)........#
#####.#############.###
................ #.#
#####.########.. #.#
#.# #.. #.# #.# #.. #.#
#.# #.. #.# #.#
#####.o###.# #..
...?...@...# #.#
#####.####.# # ###


You could see an orc priest (very drained).

Vanquished Creatures
  A bombardier beetle (D:3)
  An adder (D:3)
  3 dart slugs
  3 ribbon worms
  3 orcs (D:3)
  7 ball pythons
  4 bats
  7 endoplasms
  A giant cockroach (D:1)
  5 goblins
  5 hobgoblins
  3 kobolds
  5 quokkas (D:1)
  6 frilled lizards
  2 rats
56 creatures vanquished.

Notes
Turn   | Place    | Note
-------+----------+-------------------------------------------
     0 | D:1      | Aldia the Mountain Dwarf Reaver began the quest for the
                  | Orb.
     0 | D:1      | Reached XP level 1. HP: 17/17 MP: 3/3
   152 | D:1      | Reached skill level 4 in Axes
   177 | D:1      | Reached XP level 2. HP: 20/25 MP: 4/4
   447 | D:1      | Found Hasidie's Weapon Emporium.
   789 | D:1      | Reached skill level 1 in Necromancy
   963 | D:2      | Reached XP level 3. HP: 29/31 MP: 5/5
  1744 | D:3      | Reached skill level 1 in Armour
  1744 | D:3      | Reached XP level 4. HP: 32/38 MP: 6/6
  2134 | D:3      | Found a hide-covered altar of Uskayaw.
  2671 | D:3      | Killed from afar by an orc priest

Illustrated notes

Levels and vault maps discovered:
D:1:      lemuel_arrival_room, layout_loops_ring, serial_shops,
          nicolae_shop_rolling_square
D:2:      layout_loops_ring, minivault_23
D:3:      layout_basic, nicolae_uskayaw_suspiria

Skill      XL: |  1  2  3 |
---------------+----------+-----
Axes           | 4 |  4.8
Necromancy     | 1 |  1.3
Fighting       | 3 |  3.4
Conjurations   | 3 |  3.0
Armour         | 1 |  1.9
Dodging        | |  1.3
Spellcasting   | |  1.7

Action                     |  1- 3 |  4- 6 || total
---------------------------+-------+-------++-------
  Melee: Hand axe          |   165 |    59 ||   224
   Cast: Kiss of Death     |       |     1 ||     1
    Use: Scroll            |     3 |     1 ||     4
 Armour: Leather armour    |    12 |       ||    12
         Ring mail         |    63 |       ||    63
         Chain mail        |    39 |    33 ||    72
  Dodge: Dodged            |    73 |    26 ||    99

Table legend: (Time is in decaauts)
 A = Elapsed time spent in this place.
 B = Non-inter-level travel time spent in this place.
 C = Inter-level travel time spent in this place.
 D = Time resting spent in this place.
 E = Time spent auto-exploring this place.
 F = Levels seen in this place.
 G = Mean time per level.
                   A        B        C        D        E       F      G
               +--------+--------+--------+--------+--------+-----+--------+
         Total |   2689 |   2607 |     82 |    100 |   1939 |   3 |  896.3 |
       Dungeon |   2689 |   2607 |     82 |    100 |   1939 |   3 |  896.3 |
               +--------+--------+--------+--------+--------+-----+--------+

Top non-repeatable levels by time:
     D:3: 958 daAuts
     D:1: 957 daAuts
     D:2: 774 daAuts
